 Dungeon Crawl Stone Soup version 0.28-a0-48-gfd831c5874 (webtiles) character file.

Game seed: 632210213644295297

529 Demosthentine the Poker (level 7, -1/55 HPs)
             Began as a Merfolk Gladiator on July 29, 2021.
             Slain by Menkaure (10 damage)
             ... on level 4 of the Dungeon.
             The game lasted 00:03:19 (3642 turns).

Demosthentine the Poker (Merfolk Gladiator)         Turns: 3642, Time: 00:03:19

Health: -1/55      AC:  6    Str: 16    XL:     7   Next: 24%
Magic:  7/7        EV: 14    Int:  7    God:
Gold:   118        SH:  0    Dex: 16    Spells: 6/6 levels left

rFire   . . .      SeeInvis .   a - +1 trident
rCold   . . .      Faith    .   (no shield)
rNeg    . . .      Spirit   .   b - +0 leather armour
rPois   .          Reflect  .   c - +0 helmet
rElec   .          Harm     .   o - +1 cloak {rCorr}
rCorr   +          Rampage  .   (no gloves)
Will    .....                   (no boots)
Stlth   +.........              (no amulet)
HPRegen 0.18/turn               (no ring)
MPRegen 0.10/turn               (no ring)

@: no status effects
A: (nimble swimmer 2), mertail
a: no special abilities


You were on level 4 of the Dungeon.
You visited 1 branch of the dungeon, and saw 4 of its levels.

You collected 118 gold pieces.

Inventory:

Hand Weapons
 a - a +1 trident (weapon)
Armour
 b - a +0 leather armour (worn)
 c - a +0 helmet (worn)
 o - a +1 cloak of preservation (worn)
Wands
 q - a wand of charming (10)
Scrolls
 h - 2 scrolls of blinking
 l - 2 scrolls of teleportation
 p - a scroll of magic mapping {unknown}
Potions
 e - 4 potions of attraction {unknown}
 f - a potion of degeneration {unknown}
 g - a potion of berserk rage {unknown}
 i - a potion of lignification {unknown}
 j - a potion of invisibility {unknown}
 k - a potion of curing
 m - a potion of heal wounds {unknown}
 n - a potion of flight {unknown}


   Skills:
 + Level 4.5 Fighting
 + Level 6.9 Polearms
 - Level 2.0 Throwing
 + Level 2.5 Armour
 + Level 6.3 Dodging


You had 6 spell levels left.
You didn't know any spells.
Your spell library contained the following spells:

 Spells                   Type           Power      Damage    Failure   Level
 Petrify                  Tmut/Erth      0%         N/A       99%         4
 Metabolic Englaciation   Hex/Ice        0%         N/A       100%        5
 Statue Form              Tmut/Erth      0%         N/A       100%        6


Dungeon Overview and Level Annotations

Branches:
Dungeon (4/15)
 Temple: D:4-7

Altars:
Xom

Annotations:
D:4 Menkaure


Innate Abilities, Weirdness & Mutations

((You are quick and stealthy near water. (Stealth+, EV+, Speed+++)))
Your lower body shifts to a powerful aquatic tail in water.


Message History

Pain shoots through your body!
You barely miss Menkaure. Menkaure hits you! Menkaure closely misses you.
You hit Menkaure.
Menkaure is lightly damaged.
Menkaure misses you.
You hit Menkaure.
Menkaure is moderately damaged.
Menkaure wails, "Why can't you leave me to my rest?"
Menkaure closely misses you.
You hit Menkaure.
Menkaure is moderately damaged.
Menkaure closely misses you.
You barely miss Menkaure.
Menkaure is moderately damaged.
Menkaure hits you but does no damage.
You barely miss Menkaure.
Menkaure is moderately damaged.
Menkaure barely misses you.
You barely miss Menkaure.
Menkaure is moderately damaged.
Menkaure misses you.
You puncture Menkaure!
Menkaure is severely damaged.
Menkaure barely misses you.
Menkaure calls on the powers of darkness!
Your body is wracked with pain!
You are too injured to fight recklessly!
You are too injured to fight recklessly!
You are too injured to fight recklessly!
You hit Menkaure.
Menkaure is almost destroyed.
Menkaure hits you!!
* * * LOW HITPOINT WARNING * * *
You hit Menkaure.
Menkaure is almost destroyed.
Menkaure calls on the powers of darkness!
You feel a surge of unholy energy.
Unknown command.
You feel better. Menkaure hits you!
You die...

##.......∩.
########..........
..................
#######K##........
#.##........
#o##########
#.##########
#########.##........
#.<@M(..............
#.###...#...........
#. #.##..##########
.. #....## ###
######


You could see Menkaure (fast).

Vanquished Creatures
  Edmund (D:4)
  An ogre (D:4)
  A phantom (D:4)
  Crazy Yiuf (D:3)
  Terence (D:3)
  An iguana (D:4)
  An orc wizard (D:3)
  3 adders
  3 worms
  4 dart slugs
  20 orcs
  10 ball pythons
  8 endoplasms
  A giant cockroach (D:3)
  7 goblins
  7 hobgoblins
  6 jackals
  2 quokkas
  3 bats
  3 frilled lizards (D:1)
  9 kobolds
  5 rats
98 creatures vanquished.

Vanquished Creatures (others)
  3 fungi (D:3)
3 creatures vanquished.

Grand Total: 101 creatures vanquished

Notes
Turn   | Place    | Note
-------+----------+-------------------------------------------
     0 | D:1      | Demosthentine the Merfolk Gladiator began the quest for the
                  | Orb.
     0 | D:1      | Reached XP level 1. HP: 16/16 MP: 1/1
   319 | D:1      | Reached XP level 2. HP: 23/23 MP: 2/2
   656 | D:1      | Reached XP level 3. HP: 13/28 MP: 3/3
  1250 | D:2      | Reached skill level 5 in Polearms
  1378 | D:2      | Found a faded altar of an unknown god.
  1655 | D:2      | Reached skill level 1 in Armour
  1825 | D:2      | Reached XP level 4. HP: 35/35 MP: 4/4
  2016 | D:3      | Noticed Terence
  2049 | D:3      | Killed Terence
  2050 | D:3      | Reached skill level 5 in Dodging
  2261 | D:3      | Reached XP level 5. HP: 40/41 MP: 5/5
  2362 | D:3      | Found a shimmering altar of Xom.
  2646 | D:3      | Found a runed translucent door.
  2647 | D:3      | Noticed Crazy Yiuf
  2974 | D:3      | Killed Crazy Yiuf
  3043 | D:4      | Noticed a phantom
  3063 | D:4      | Killed a phantom
  3064 | D:4      | Reached XP level 6. HP: 30/48 MP: 6/6
  3233 | D:4      | Noticed Edmund
  3260 | D:4      | Killed Edmund
  3322 | D:4      | Reached XP level 7. HP: 35/55 MP: 7/7
  3341 | D:4      | Noticed Menkaure
  3640 | D:4      | HP: 1/55 [Menkaure (19)]
  3642 | D:4      | Slain by Menkaure

Illustrated notes

Levels and vault maps discovered:
D:1:      shiori_arrival_oz, layout_loops_ring, corexii_hall_statues_s
D:2:      layout_basic, hellmonk_ecumenical_altar_crossroads, serial_park_tiny_2
D:3:      layout_rooms, mainiacjoe_overflow_chevrons,
          chequers_serial_rivers_room_b, minmay_fractal_squares_gapless_5,
          uniq_crazy_yiuf_cottage, uniq_terence
D:4:      layout_rooms, abandoned_shop, minmay_ruined_shrine, uniq_edmund,
          uniq_robin, uniq_natasha, uniq_menkaure

Skill      XL: |  1  2  3  4  5  6 |
---------------+-------------------+-----
Polearms       | 5 6 |  6.9
Armour         | 1 2 |  2.5
Fighting       | 3 4 |  4.5
Dodging        | 5 6 |  6.3
Throwing       | |  2.0

Action                   |  1- 3 |  4- 6 |  7- 9 || total
-------------------------+-------+-------+-------++-------
Melee: Trident           |   149 |   160 |    37 ||   346
Throw: Throwing net      |       |     3 |       ||     3
  Use: Scroll            |     3 |     4 |       ||     7
       Potion            |       |       |     1 ||     1
 Stab: Sleeping          |     6 |     1 |       ||     7
       Distracted        |     1 |     2 |       ||     3
Armor: Leather armour    |    25 |    12 |     4 ||    41
Dodge: Dodged            |    73 |    64 |    20 ||   157

Table legend: (Time is in decaauts)
 A = Elapsed time spent in this place.
 B = Non-inter-level travel time spent in this place.
 C = Inter-level travel time spent in this place.
 D = Time resting spent in this place.
 E = Time spent auto-exploring this place.
 F = Levels seen in this place.
 G = Mean time per level.
                   A        B        C        D        E       F      G
               +--------+--------+--------+--------+--------+-----+--------+
         Total |   3654 |   3538 |    116 |      0 |   2870 |   4 |  913.5 |
       Dungeon |   3654 |   3538 |    116 |      0 |   2870 |   4 |  913.5 |
               +--------+--------+--------+--------+--------+-----+--------+

Top non-repeatable levels by time:
     D:1: 1289 daAuts
     D:3: 1271 daAuts
     D:2: 699 daAuts
     D:4: 394 daAuts
